 Dungeon Crawl Stone Soup version 0.30-a0-913-g9934a0ce24 (webtiles) character file.

Game seed: 567472339866464780

621259 Esekla the Sorcerer (level 27, -23/184 (189) HPs)
             Began as an Octopode Delver on Mar 14, 2023.
             Was an Initiate of Gozag.
             Killed from afar by an orb of fire (71 damage)
             ... with a fireball
             ... on level 1 of the Realm of Zot on Mar 19, 2023.
             The game lasted 11:23:21 (82724 turns).

Esekla the Sorcerer (Octopode Delver)              Turns: 82724, Time: 11:23:22

HP:   -23/184 (189) AC: 30    Str: 18      XL:     27
MP:   48/58         EV: 30    Int: 37 (38) God:    Gozag
Gold: 13752         SH: 10    Dex: 20      Spells: 2/71 levels left

rFire   . . .      SeeInvis +    x - +9 scimitar (vamp)
rCold   + + .      Faith    .    l - +3 buckler {reflect}
rNeg    + + +      Spirit   .    O - +2 hat of Supple Strength {Int+5}
rPois   ∞          Reflect  +    u - amulet of the Cockatrice {RegenMP rC+ Stlth+}
rElec   .          Rampage  .    g - +4 ring of protection
rCorr   .                        M - +4 ring of slaying
Will    +++..                    P - +4 ring of protection
Stlth   ++++++++                 h - ring "Gyuriaf" {MP+9 Str+2 Dex+6}
HPRegen 0.50/turn                U - +6 ring of intelligence
MPRegen 0.76/turn                i - +4 ring of protection
                                 V - ring "Avinkey" {EV+5 Str+3 Int+3 SInv}
                                 L - ring of the Tortoise {AC+8}

@: lich-form, studying 3 skills, lightly drained
A: draining attack, torment immunity, no potions, almost no armour, amphibious,
8 rings, camouflage 1, gelatinous body 1, (nimble swimmer 1), tentacles,
tentacle spike 1, see invisible, shaggy fur 1
}: 4/15 runes: serpentine, barnacled, slimy, silver
a: End Transformation, Renounce Religion, Potion Petition, Call Merchant, Bribe
Branch


You were on level 1 of the Realm of Zot.
You worshipped Gozag.
Gozag was extremely pleased with you.
You were an undead lich.
You visited 12 branches of the dungeon, and saw 52 of its levels.
You visited the Abyss 1 time.
You visited 1 bazaar.
You also visited: Sewer, Ice Cave, Volcano and Wizlab.

You collected 34596 gold pieces.
You spent 12453 gold pieces at shops.
You paid 8391 gold pieces to Gozag.

Inventory:

Hand Weapons
 c - the +9 falchion "Xubey" {drain, Int+6}
   (You bought it in a shop on level 1 of the Vaults)

   Int:       It affects your intelligence (+6).
 f - a +3 scimitar of flaming
 r - a +8 spear of venom
 s - a +2 dagger of electrocution
 v - the +5 falchion "Sasoa" {venom, rC+++ Will+++}
   (You took it off an ironbound preserver on level 4 of the Vaults)

   rC:        It renders you almost immune to cold.
   Will:      It greatly increases your willpower.
 w - a +1 dagger of holy wrath
 x - a +9 vampiric scimitar (weapon)
 z - a +7 long sword of freezing
Missiles
 o - 10 curare-tipped darts
 q - 42 poisoned darts
 W - 42 boomerangs (quivered)
 Y - 22 silver javelins
Armour
 l - a +3 buckler of reflection (worn)
 O - the +2 hat of Supple Strength (worn) {Int+5}
   (You acquired it on level 3 of the Elven Halls)

   Int:       It affects your intelligence (+5).
Jewellery
 g - a +4 ring of protection (left tentacle)
 h - the ring "Gyuriaf" (on tentacle) {MP+9 Str+2 Dex+6}
   (You found it on level 9 of the Dungeon)

   [ring of dexterity]

   Str:       It affects your strength (+2).
   Dex:       It affects your dexterity (+6).
   MP:        It affects your magic capacity (+9).
 i - a +4 ring of protection (on tentacle)
 u - the amulet of the Cockatrice (around mantle) {RegenMP rC+ Stlth+}
   (You bought it in a shop in a bazaar)

   [amulet of magic regeneration]

   It increases your rate of magic regeneration.
   rC:        It protects you from cold.
   Stlth:     It makes you more stealthy.
 y - the ring "Cesu Wor" {Wiz rF+ rN+}
   (You found it on level 5 of the Vaults)

   [ring of wizardry]

   It improves your spell success rate.
   rF:        It protects you from fire.
   rN:        It protects you from negative energy.
 J - the ring of Levity {rC+ rCorr}
   (You found it on level 3 of the Crypt)

   [ring of resist corrosion]

   rC:        It protects you from cold.
   rCorr:     It protects you from acid and corrosion.
 L - the ring of the Tortoise (on tentacle) {AC+8}
   (You took it off a merfolk siren on level 4 of the Shoals)

   [ring of protection]

   AC:        It affects your AC (+8).
 M - a +4 ring of slaying (right tentacle)
 N - a ring of protection from fire
 P - a +4 ring of protection (on tentacle)
 Q - a ring of ice
 U - a +6 ring of intelligence (on tentacle)
 V - the ring "Avinkey" (on tentacle) {EV+5 Str+3 Int+3 SInv}
   (You bought it in a shop on level 2 of the Orcish Mines)

   [ring of evasion]

   EV:        It affects your evasion (+5).
   Str:       It affects your strength (+3).
   Int:       It affects your intelligence (+3).
   SInv:      It lets you see invisible.
Wands
 p - a wand of flame (59)
 C - a wand of roots (53)
 K - a wand of paralysis (42)
 S - a wand of digging (10)
 X - a wand of light (16)
 Z - a wand of mindburst (16)
Scrolls
 b - 12 scrolls of fog
 d - 8 scrolls of silence
 A - 9 scrolls of fear
 F - 8 scrolls of poison
 G - 22 scrolls of teleportation
 H - 12 scrolls of magic mapping
 T - 11 scrolls of blinking
Potions
 a - 32 potions of curing
 e - 13 potions of flight
 j - 4 potions of invisibility
 k - 13 potions of might
 m - 5 potions of berserk rage
 n - 8 potions of resistance
 t - 2 potions of cancellation
 B - 10 potions of magic
 D - 5 potions of haste
 E - 4 potions of attraction
 I - 13 potions of heal wounds
 R - 8 potions of ambrosia


   Skills:
 * Level 16.0 Fighting
 + Level 3.4(10.3) Short Blades
 - Level 14.9(15.0) Long Blades
 - Level 4.5 Throwing
 * Level 16.9 Dodging
 + Level 15.1 Stealth
 + Level 9.4 Shields
 * Level 22.5 Spellcasting
 * Level 14.2 Conjurations
 * Level 16.9 Necromancy
 - Level 8.2 Translocations
 - Level 10.0 Transmutations
 + Level 7.8 Fire Magic
 + Level 8.8 Ice Magic
 + Level 14.4 Air Magic
 + Level 14.3 Earth Magic
 + Level 8.8 Poison Magic


You had 2 spell levels left.
You knew the following spells:

 Your Spells              Type           Power      Damage    Failure   Level
a - Statue Form           Tmut/Erth      62%        N/A       1%          6
b - Blink                 Tloc           100%       N/A       1%          2
c - Mephitic Cloud        Conj/Pois/Air  94%        N/A       0%          3
d - Vampiric Draining     Necr           100%       2d13      0%          3
e - Conjure Ball Lightni  Conj/Air       49%        3x3d17    1%          6
h - Vhi's Electric Charg  Tloc/Air       100%       N/A       1%          3
i - Irradiate             Conj/Tmut      46%        3d27      1%          5
j - Arcjolt               Conj/Air       49%        1d59      1%          5
m - Necromutation         Tmut/Necr      59%        N/A       19%         8
n - Ignite Poison         Fire/Tmut/Pois 82%        N/A       1%          3
p - Apportation           Tloc           100%       N/A       1%          1
r - Frozen Ramparts       Ice            100%       1d16      1%          3
u - Dispel Undead         Necr           100%       3d31      0%          4
v - Poisonous Vapours     Pois/Air       100%       N/A       0%          2
w - Wereblood             Tmut           86%        N/A       1%          2
x - Olgreb's Toxic Radia  Pois           82%        N/A       1%          4
y - Sticky Flame          Conj/Fire      89%        2d10      1%          4
z - Freezing Cloud        Conj/Ice/Air   47%        6-21      1%          5

Your spell library contained the following spells:

 Spells                   Type           Power      Damage    Failure   Level
 Beastly Appendage        Tmut           100%       N/A       0%          1
 Foxfire                  Conj/Fire      100%       2x1d9     0%          1
 Kiss of Death            Conj/Necr      100%       2d13      0%          1
 Magic Dart               Conj           100%       1d8       0%          1
 Necrotise                Necr           100%       1d9       0%          1
 Cigotuvi's Dreadful Rot  Necr/Pois/Air  100%       N/A       0%          2
 Momentum Strike          Conj/Tloc      100%       3d10      0%          2
 Passwall                 Tmut/Erth      77%        N/A       0%          2
 Searing Ray              Conj           100%       2d8       0%          2
 Static Discharge         Conj/Air       100%       2-7/arc   0%          2
 Sublimation of Blood     Necr           100%       N/A       0%          2
 Slow                     Hex            100%       N/A       1%          1
 Summon Small Mammal      Summ           100%       N/A       1%          1
 Call Imp                 Summ           41%        N/A       1%          2
 Ensorcelled Hibernation  Hex/Ice        100%       N/A       1%          2
 Lesser Beckoning         Tloc           100%       N/A       1%          2
 Stone Arrow              Conj/Erth      100%       3d13      0%          3
 Swiftness                Air            99%        N/A       0%          3
 Hailstorm                Conj/Ice       91%        3d18      1%          3
 Inner Flame              Hex/Fire       63%        N/A       1%          3
 Kindle Blastsparks       Fire/Tloc/Air  100%       2d18      1%          3
 Ozocubu's Armour         Ice            82%        N/A       1%          3
 Portal Projectile        Hex/Tloc       100%       N/A       1%          3
 Spider Form              Tmut/Pois      84%        N/A       1%          3
 Anguish                  Hex/Necr       51%        N/A       1%          4
 Flame Wave               Conj/Fire      89%        2d19      1%          4
 Fulminant Prism          Conj/Hex       38%        3d18      1%          4
 Ice Form                 Ice/Tmut       84%        N/A       1%          4
 Leda's Liquefaction      Hex/Erth       38%        N/A       1%          4
 Manifold Assault         Tloc           80%        N/A       1%          4
 Passage of Golubria      Tloc           80%        N/A       1%          4
 Petrify                  Tmut/Erth      93%        N/A       1%          4
 Summon Ice Beast         Ice/Summ       65%        N/A       1%          4
 Agony                    Necr           100%       N/A       1%          5
 Alistair's Intoxication  Tmut/Pois      56%        N/A       1%          5
 Blade Hands              Tmut           43%        N/A       1%          5
 Borgnjor's Vile Clutch   Necr/Erth      62%        N/A       1%          5
 Fireball                 Conj/Fire      44%        3d18      1%          5
 Iskenderun's Battlesphe  Conj           98%        2d14      1%          5
 Lee's Rapid Deconstruct  Erth           49%        3d23*     1%          5
 Lightning Bolt           Conj/Air       49%        1d70      1%          5
 Silence                  Hex/Air        38%        N/A       1%          5
 Death Channel            Necr           64%        N/A       1%          6
 Iron Shot                Conj/Erth      49%        9d9       1%          6
 Starburst                Conj/Fire      44%        6d12      1%          6
 Orb of Destruction       Conj           49%        9d13      1%          7
 Call Canine Familiar     Summ           41%        N/A       2%          3
 Confusing Touch          Hex            41%        N/A       2%          3
 Summon Guardian Golem    Hex/Summ       41%        N/A       2%          3
 Tukima's Dance           Hex            41%        N/A       2%          3
 Yara's Violent Unravell  Hex/Tmut       34%        3d14      2%          5
 Metabolic Englaciation   Hex/Ice        32%        N/A       3%          5
 Summon Forest            Summ/Tloc      32%        N/A       3%          5
 Dispersal                Tloc           40%        N/A       4%          6
 Storm Form               Tmut/Air       46%        N/A       4%          7
 Borgnjor's Revivificati  Necr           64%        N/A       4%          8
 Infestation              Necr           64%        N/A       4%          8
 Cause Fear               Hex            20%        N/A       8%          4
 Dragon Form              Tmut           43%        N/A       10%         7
 Maxwell's Capacitive Co  Air            49%        ∞         13%         8
 Lehudib's Crystal Spear  Conj/Erth      49%        10d12     14%         8
 Haunt                    Necr/Summ      51%        N/A       19%         7
 Summon Mana Viper        Hex/Summ       41%        N/A       21%         5
 Spellforged Servitor     Conj/Summ      38%        N/A       32%         7
 Death's Door             Necr           64%        N/A       56%         9
 Summon Cactus Giant      Summ           20%        N/A       75%         6
 Disjunction              Tloc           40%        N/A       86%         8
 Ignition                 Fire           39%        3d12      89%         8
 Shatter                  Erth           49%        3d38*     90%         9
 Chain Lightning          Conj/Air       49%        3d66      91%         9
 Enfeeble                 Hex            20%        N/A       99%         7
 Summon Hydra             Summ           20%        N/A       99%         7
 Discord                  Hex            20%        N/A       100%        8
 Fire Storm               Conj/Fire      44%        8d11      100%        9
 Polar Vortex             Ice            41%        N/A       100%        9
 Animate Dead             Necr           Unusable   N/A       N/A         4
 Simulacrum               Ice/Necr       Unusable   N/A       N/A         6

Dungeon Overview and Level Annotations

Branches:
Dungeon (15/15)            Temple (1/1) D:5            Lair (5/5) D:9
 Shoals (4/4) Lair:3        Snake (4/4) Lair:2        Slime (5/5) Lair:5
    Orc (2/2) D:11            Elf (3/3) Orc:2        Vaults (5/5) D:14
  Crypt (3/3) Vaults:3       Tomb (0/3) Crypt:3      Depths (4/4) D:15
    Zot (1/5) Depths:4      Sewer (visited)           IceCv (visited)
Volcano (visited)          WizLab (visited)

Altars:
Ashenzari
Cheibriados
Dithmenos
Elyvilon
Fedhas
Gozag
Hepliaklqana
Kikubaaqudgha
Makhleb
Nemelex Xobeh
Okawaru
Qazlal
Ru
Sif Muna
Trog
Uskayaw
Vehumet
Wu Jian
Xom
Yredelemnul
Zin
The Shining One
Jiyva

Shops:
D:7 :   D:8 *   D:9 =*   D:12 :   D:15 ::?   Orc:2 :**[=   Elf:3 (   Snake:1 :
Snake:4 *([!(   Vaults:1 (   Vaults:3 :([[=   Vaults:4 ?   Depths:1 **(

Portals:
Hell: Depths:1 Depths:2 Depths:3 Depths:4
Abyss: Depths:3
Pandemonium: Depths:1 Depths:2
Ziggurat: Depths:1
Trove: D:15 (show abyssal rune of Zot)

Annotations:
Crypt:3 4 ancient liches


Innate Abilities, Weirdness & Mutations

You are an undead lich.
Your unarmed attacks are suffused with negative energy.
You are immune to unholy pain and torment.
Your necromantic spells are more powerful.
You cannot drink.
You are immune to poison.
You cannot wear most types of armour.
You are amphibious.
You can wear up to eight rings at the same time.
Your skin changes colour to match your surroundings (Stealth+).
Your rubbery body absorbs attacks. (AC +1, EV +1)
((You are camouflaged when in or above water. (Stealth+)))
You have tentacles for arms and can constrict up to eight enemies at once.
One of your tentacles bears a spike.
You have supernaturally acute eyesight. (SInv)
You are covered in fur. (AC +1)


Message History

Press: ? - help, Dir - look around, f - activate The walls around you are covered in ice.
The wall freezes the orb of fire but does no damage.
The wall freezes the storm dragon but does no damage.
The orb of fire resists.
The wall freezes the orb of fire.
The orb of fire glows yellow.
Strange energies course through your body.
Your body decomposes!
You feel dopey.
Casting: Frozen Ramparts (safe; 1% risk of failure)
Confirm with . or Enter, or press ? or * to list all spells.
You can't see any susceptible monsters within range! (Use Z to cast anyway.) Unknown command.
Unknown command.
Unknown command.
Press: ? - help, v - describe, . - travel
Here: an orb of fire (moderately damaged)
The floor.
Unknown command.
Okay, then.
Blink to where?
Press: ? - help, Dir - move target Your frozen ramparts will break if you move.
Continue?
The frozen ramparts melt away as you move. 2 moths of wrath come into view.
As you read the scroll of blinking, it crumbles to dust.
The storm dragon breathes lightning at you.
The bolt of lightning misses the orb of fire.
The bolt of lightning misses you. x2
The moth of wrath's fur bristles in rage as it notices you.
You hear a deafening roar!
Casting: Frozen Ramparts (safe; 1% risk of failure)
Confirm with . or Enter, or press ? or * to list all spells.
You begin to radiate toxic energy.
The moth of wrath is poisoned. x2
The moth of wrath looks even sicker. x2
Your toxic aura wanes.
The orb of fire glows yellow.
The fireball explodes!
The fireball engulfs you!!!
You die...
Your body crumbles into a pile of gold.

... #.# #y# #y#
##*##########
#.(..*.D.....
##.########## #####
#..# #[=.# ##L# ##.##
##'## ##.## #...#
#...# ##...## ##...##
#.....# #### #[....#
#.....# ...# #.....#
#.....#
...###.....###..8..##
...##...8...#.......#


You could see an orb of fire and 2 moths of wrath.

Vanquished Creatures
  the Royal Jelly (Slime:5)
  5 ancient liches
  Mara (Shoals:3)
  A royal mummy (WizLab)
  Vv (Depths:2)
  Xtahua (Crypt:3)
  2 curse toes
  A golden dragon (Depths:4)
  A caustic shrike (Depths:3)
  The ghost of jasper the Warrior, an adept DsGl of Okawaru (Vaults:2)
  Jory (Vaults:4)
  A bone dragon (Crypt:3)
  Zenata (Vaults:2)
  A walking crystal tome (Depths:3)
  3 hellephants (Depths:1)
  8 liches
  2 deep elf blademasters (Elf:3)
  10 titans
  10 tentacled monstrosities
  A walking frostbound tome (Depths:2)
  2 deep elf master archers (Elf:3)
  8 quicksilver dragons
  Polyphemus (Shoals:4)
  6 ancient champions
  5 sphinxes
  10 tengu reavers
  5 shadow dragons
  16 acid blobs
  Frances (Shoals:1)
  2 tentacled starspawn (Abyss:2)
  3 death cobs (Zot:1)
  2 krakens (Shoals:3)
  Roxanne (D:15)
  Kirke (Lair:5)
  9 storm dragons
  Ilsuiw (Shoals:2)
  4 draconian monks
  2 revenants
  The ghost of iguanaiguana the Fighter, a journeyman AtIE of Ashenzari (Shoals:1)
  13 rockslimes
  17 azure jellies
  2 nagarajas (Snake:4)
  Louise (D:15)
  5 fire giants
  2 deep elf sorcerers (Elf:3)
  4 iron dragons
  A balrug (Depths:4)
  13 frost giants
  2 juggernaut zombies
  9 vault wardens
  4 curse skulls
  2 deep elf elementalists (Elf:3)
  5 draconian stormcallers
  4 draconian scorchers
  23 ironbound preservers
  A draconian shifter (Zot:1)
  2 orc warlords
  5 ghouls
  Aizul (Vaults:1)
  The ghost of Pimp the Destroyer, a journeyman GrFE of Vehumet (Orc:1)
  3 draconian annihilators (Zot:1)
  3 green draconians
  4 war gargoyles
  11 quicksilver oozes
  14 stone giants
  2 spriggan defenders
  28 very ugly things
  A rockslime zombie (Crypt:2)
  A reaper (Depths:4)
  10 ironbound thunderhulks
  12 vampire knights
  7 starcursed masses (Abyss:2)
  Azrael (D:13)
  7 yellow draconians
  4 black draconians
  8 deep elf demonologists
  6 deep elf annihilators
  5 white draconians
  8 purple draconians
  3 dire elephants (Vaults:3)
  5 eidola
  8 deep elf death magi
  5 red draconians
  11 ettins
  A crystal guardian (Vaults:3)
  A blizzard demon (Depths:4)
  11 jiangshi
  Josephine (D:15)
  10 fire dragons
  3 mummy priests (WizLab)
  12 merfolk impalers
  5 merfolk javelineers
  7 deep elf high priests
  6 yaktaur captains
  14 great orbs of eyes
  31 vault guards
  7 hydras
  8 ice dragons
  2 ogre magi
  6 rakshasas
  2 catoblepae
  A jorogumo (shapeshifter) (Vaults:5)
  4 salamander tyrants
  7 spriggan air magi
  A quicksilver dragon skeleton (Crypt:3)
  A merfolk avatar (Shoals:4)
  4 boulder beetles
  A peacekeeper (Vaults:3)
  11 ironbound frosthearts
  5 alligator snapping turtles
  4 merfolk aquamancers (Shoals:4)
  17 centaur warriors
  4 death knights
  3 satyrs (Shoals:3)
  41 dancing weapons
  12 hell hogs
  5 two-headed ogres
  A boulder beetle (shapeshifter) (Vaults:5)
  A satyr (shapeshifter) (Depths:2)
  8 tengu warriors
  11 anacondas
  10 death yaks
  8 naga warriors
  5 deep troll shamans
  7 deep troll earth magi
  2 orc high priests (Orc:2)
  9 vampire magi
  7 shock serpents
  A titan zombie (WizLab)
  2 spriggan berserkers (Depths:2)
  13 naga sharpshooters
  2 thrashing horrors (Abyss:2)
  Amaemon (D:9)
  5 skysharks
  4 sun demons
  4 soul eaters
  8 hell knights (Depths:4)
  4 wretched stars (Abyss:2)
  19 deep elf knights
  4 shadow wraiths
  9 salamander mystics
  A sixfirhy (Depths:2)
  28 skeletal warriors
  12 iron trolls
  15 sea snakes
  4 naga ritualists
  A shadow dragon zombie (WizLab)
  2 bog bodies (Crypt:1)
  9 flayed ghosts
  2 quicksilver dragon simulacra (Depths:4)
  4 glowing orange brains
  24 phantasmal warriors
  9 orc knights
  59 deep trolls
  5 necromancers
  2 orange crystal statues
  9 wizards
  Pikel (D:5)
  A tengu zombie (WizLab)
  16 deep elf archers
  16 harpies
  30 deep elf zephyrmancers
  29 deep elf pyromancers
  17 ironbound convokers
  13 lindwurms
  A shadow dragon skeleton (Crypt:1)
  27 fauns
  7 orc sorcerers
  A frost giant zombie (WizLab)
  6 shining eyes
  7 mana vipers
  12 manticores
  A manticore (shapeshifter) (Vaults:5)
  A stone giant zombie (WizLab)
  35 salamanders
  An iron dragon zombie (Crypt:3)
  A fire giant zombie (WizLab)
  2 oklob plants (Shoals:2)
  8 cyclopes
  39 ugly things
  An iron dragon skeleton (Vaults:2)
  A jorogumo skeleton (Crypt:2)
  27 vault sentinels
  8 moths of wrath (Zot:1)
  A water nymph (shapeshifter) (Vaults:5)
  19 elephants
  10 guardian serpents
  3 demonspawn zombies
  A dire elephant zombie (Crypt:3)
  9 merfolk sirens
  44 black mambas
  7 eyes of devastation
  An orange demon (D:8)
  7 torpor snails
  20 naga magi
  18 cane toads
  4 gargoyles
  12 water nymphs
  An ice statue (Depths:4)
  3 unseen horrors
  A yellow draconian zombie (Crypt:3)
  A death yak zombie (Crypt:3)
  Maggie (D:6)
  A centaur skeleton (Crypt:3)
  A steelbarb worm zombie (Crypt:1)
  3 human zombies
  Psyche (D:9)
  3 kobold demonologists (D:12)
  3 efreet
  2 hellions (Zot:1)
  A spriggan zombie (WizLab)
  A tormentor (Depths:2)
  12 yaktaurs
  17 rime drakes
  4 tengu conjurers
  3 ice devils
  3 ancient zymes (Abyss:2)
  8 freezing wraiths
  4 komodo dragons
  A death yak skeleton (Crypt:1)
  An unseen horror skeleton (Crypt:2)
  2 guardian mummies (WizLab)
  4 trolls
  2 red devils (Depths:2)
  35 merfolk
  A harpy skeleton (Crypt:3)
  4 tyrant leeches (Lair:5)
  7 hornets
  34 polar bears
  A polar bear (shapeshifter) (D:13)
  9 wind drakes
  A sphinx simulacrum (Vaults:4)
  8 raiju
  15 dream sheep
  13 blink frogs
  10 snapping turtles
  A guardian serpent zombie (Crypt:1)
  A meliai zombie (Crypt:2)
  123 slime creatures
  A frost giant simulacrum (Vaults:2)
  2 jumping spiders (shapeshifter)
  A human simulacrum (Vaults:2)
  8 air elementals
  A naga simulacrum (Crypt:3)
  18 flying skulls
  A vampire (D:12)
  2 ynoxinuls
  A shadow (D:9)
  A slime creature zombie (Crypt:3)
  28 water elementals
  11 wraiths
  5 wyverns
  Eustachio (D:6)
  A fire bat (Abyss:2)
  4 large abominations (Abyss:2)
  10 fire elementals
  3 golden eyes (Slime:2)
  An elf simulacrum (Vaults:4)
  5 basilisks
  A neqoxec (Depths:2)
  28 yaks
  10 vampire mosquitoes
  7 hogs
  A harpy simulacrum (Crypt:3)
  2 glowing shapeshifter zombies
  5 steam dragons
  A faun zombie (Crypt:1)
  11 wargs
  An entropy weaver zombie (WizLab)
  41 nagas
  2 acid dragons
  A demonspawn skeleton (Crypt:2)
  A water nymph skeleton (Crypt:2)
  3 floating eyes
  A floating eye (shapeshifter) (Depths:3)
  13 water moccasins
  18 hell hounds
  A swamp drake (Orc:2)
  A black bear (shapeshifter) (D:14)
  2 ice beasts
  33 orc warriors
  14 black bears
  A swamp drake (shapeshifter) (Elf:2)
  A lindwurm zombie (Crypt:2)
  A sky beast (D:7)
  4 ettin simulacra (Depths:4)
  4 boggarts (Vaults:1)
  6 small abominations (Abyss:2)
  A swamp dragon skeleton (Crypt:3)
  22 wolves
  10 centaurs
  A snapping turtle skeleton (Crypt:3)
  8 ogres
  A hog skeleton (Crypt:1)
  3 lemures
  2 phantoms (D:5)
  4 kobold brigands
  A rime drake zombie (Crypt:1)
  16 bullfrogs
  2 gnoll sergeants
  2 earth elementals (Elf:2)
  2 necrophages
  A scorpion (D:6)
  A human skeleton (Vaults:3)
  12 wights
  A polar bear zombie (Crypt:3)
  A queen bee zombie (Crypt:1)
  13 killer bees
  2 spriggan skeletons
  A troll skeleton (Crypt:2)
  12 electric eels
  4 howler monkeys
  A crimson imp (Orc:2)
  A lava snake (Snake:2)
  4 hounds
  35 orc priests
  An iron imp (Orc:2)
  A gnoll bouda (D:4)
  A sleepcap (D:7)
  A basilisk skeleton (Crypt:2)
  An iguana (D:4)
  34 orc wizards
  A hell rat (Lair:2)
  18 gnolls
  13 adders
  4 shadow imps
  2 white imps
  2 ufetubi (D:5)
  A lava snake skeleton (Crypt:2)
  3 worms (D:4)
  10 dart slugs
  78 orcs
  A bat skeleton (D:2)
  15 endoplasms
  8 giant cockroaches
  8 goblins
  3 hobgoblins
  5 jackals
  25 kobolds
  16 quokkas
  16 ball pythons
  5 bats
  A frilled lizard (shapeshifter) (Depths:4)
  13 frilled lizards
  A giant cockroach zombie (D:2)
  A quokka zombie (D:2)
  8 rats
  A plant (Shoals:2)
  3 tentacles (Shoals:3)
2593 creatures vanquished.

Vanquished Creatures (others)
  A draconian stormcaller (Depths:4)
  2 dancing weapons (Elf:2)
  An unseen horror (D:11)
  A naga (Snake:4)
  2 orc wizards (Orc:2)
  11 bushes
  22 fungi
  124 plants
  7 starspawn tentacles (Abyss:2)
  11 tentacles (Shoals:3)
  7 withered plants (D:2)
189 creatures vanquished.

Grand Total: 2782 creatures vanquished

Notes
Turn   | Place    | Note
-------+----------+-------------------------------------------
     0 | D:5      | Esekla the Octopode Delver began the quest for the Orb.
     0 | D:5      | Reached XP level 1. HP: 16/16 MP: 1/1
    41 | D:5      | Noticed an ogre
    85 | D:5      | Found a staircase to the Ecumenical Temple.
    94 | Temple   | Entered the Ecumenical Temple
   107 | Temple   | Became a worshipper of Gozag Ym Sagoz the Greedy
   206 | D:4      | Found a radiant altar of Vehumet.
   243 | D:3      | Found a faded altar of an unknown god.
   303 | D:3      | Reached XP level 2. HP: 21/21 MP: 2/2
   356 | D:3      | Found a hazy altar of Hepliaklqana.
   512 | D:3      | Reached XP level 3. HP: 24/26 MP: 3/3
   570 | D:3      | Found a glowing drain.
   575 | Sewer    | Entered a sewer
   756 | Sewer    | Reached XP level 4. HP: 18/31 MP: 5/5
  1003 | Sewer    | Noticed a bullfrog
  1055 | Sewer    | Killed a bullfrog
  1056 | Sewer    | Reached skill level 1 in Spellcasting
  1056 | Sewer    | Reached XP level 5. HP: 9/36 MP: 6/6
  1240 | Sewer    | Identified the +4 rapier "Tawiut" {freeze, Dex+5}
  1335 | D:2      | Reached XP level 6. HP: 37/42 MP: 7/7
  1428 | D:2      | Found a bloodstained altar of Trog.
  3860 | D:4      | Found a white marble altar of Elyvilon.
  4454 | D:4      | Reached XP level 7. HP: 36/47 MP: 7/9
  4900 | D:4      | Found a stormy altar of Qazlal.
  4921 | D:4      | Found a glowing silver altar of Zin.
  5829 | D:5      | Reached skill level 1 in Throwing
  5848 | D:5      | Reached skill level 5 in Long Blades
  6216 | D:5      | Reached skill level 1 in Shields
  6462 | D:6      | Learned a level 2 spell: Wereblood
  6466 | D:6      | Noticed Pikel
  6769 | D:7      | Reached skill level 2 in Spellcasting
  7007 | D:7      | Reached XP level 8. HP: 29/49 MP: 6/11
  7211 | D:7      | Reached skill level 1 in Transmutations
  7334 | D:5      | Killed Pikel
  7335 | D:5      | Reached skill level 1 in Short Blades
  7335 | D:5      | Reached skill level 3 in Spellcasting
  7419 | D:6      | Noticed Maggie
  7451 | D:7      | Reached XP level 9. HP: 60/60 MP: 13/13
  7462 | D:7      | Reached skill level 5 in Fighting
  8638 | D:6      | Noticed Eustachio
  8658 | D:6      | Killed Eustachio
  9036 | D:7      | Bought a book of Cantrips for 144 gold pieces
  9040 | D:7      | Learned a level 3 spell: Swiftness
  9042 | D:7      | Learned a level 1 spell: Apportation
  9474 | D:7      | Reached skill level 1 in Air Magic
 10069 | D:8      | Reached skill level 10 in Stealth
 10159 | D:8      | Reached skill level 5 in Dodging
 10228 | D:8      | Noticed a hornet
 10235 | D:8      | Killed a hornet
 10236 | D:8      | Reached skill level 1 in Earth Magic
 10236 | D:8      | Reached XP level 10. HP: 46/68 MP: 11/15
 10454 | D:8      | Noticed an orange demon
 10511 | D:8      | Reached skill level 4 in Spellcasting
 11340 | D:8      | Bought a tubular onyx ring for 130 gold pieces
 11340 | D:8      | Bought a scroll labelled WOLEEGG ZAIC for 26 gold pieces
 12184 | D:9      | Found a staircase to the Lair.
 12426 | D:9      | Noticed Psyche
 12433 | D:9      | Killed Psyche
 12584 | D:9      | Gained mutation: You expend magic power (3 MP) to
                  | strengthen your wands. [potion of mutation]
 12584 | D:9      | Gained mutation: You are agile. (Dex +4, Str/Int -1)
                  | [potion of mutation]
 12584 | D:9      | Gained mutation: You are frail. (-10% HP) [potion of
                  | mutation]
 12585 | D:9      | Lost mutation: You are agile. (Dex +4, Str/Int -1) [potion
                  | of mutation]
 12585 | D:9      | Lost mutation: You expend magic power (3 MP) to strengthen
                  | your wands. [potion of mutation]
 12585 | D:9      | Lost mutation: You are frail. (-10% HP) [potion of
                  | mutation]
 12585 | D:9      | Gained mutation: You occasionally lose the ability to drink
                  | potions when taking damage. [potion of mutation]
 12585 | D:9      | Gained mutation: Your muscles are strong. (Str +4, Int/Dex
                  | -1) [potion of mutation]
 12586 | D:9      | Lost mutation: Your muscles are strong. (Str +4, Int/Dex
                  | -1) [potion of mutation]
 12586 | D:9      | Lost mutation: You occasionally lose the ability to drink
                  | potions when taking damage. [potion of mutation]
 12586 | D:9      | Gained mutation: Your flesh is heat resistant. (rF+)
                  | [potion of mutation]
 12586 | D:9      | Gained mutation: Your natural rate of healing is unusually
                  | fast. [potion of mutation]
 12586 | D:9      | Gained mutation: You are partially covered in iridescent
                  | scales. (AC +2) [potion of mutation]
 12703 | D:9      | Identified the ring "Gyuriaf" {MP+9 Str+2 Dex+6}
 12794 | D:9      | Found an ornate altar of the Wu Jian Council.
 13011 | D:8      | Noticed Amaemon
 13019 | D:9      | Killed Amaemon
 13020 | D:9      | Reached XP level 11. HP: 67/75 MP: 18/18
 13542 | Lair:1   | Entered Level 1 of the Lair of Beasts
 13693 | Lair:1   | Reached skill level 5 in Spellcasting
 13820 | Lair:1   | Found a dark tunnel.
 13833 | Volcano  | Entered a volcano
 13883 | Volcano  | Noticed a stone giant
 13899 | Volcano  | Killed a stone giant
 13900 | Volcano  | Reached skill level 1 in Translocations
 14407 | Lair:1   | Reached skill level 6 in Spellcasting
 14741 | Lair:1   | Reached skill level 10 in Long Blades
 14742 | Lair:1   | Reached XP level 12. HP: 82/82 MP: 21/21
 15029 | D:10     | Entered Level 10 of the Dungeon
 15052 | D:10     | Noticed a two-headed ogre
 15535 | D:10     | Found a shadowy altar of Dithmenos.
 15535 | D:10     | Found a snail-covered altar of Cheibriados.
 15538 | D:10     | Found a shimmering blue altar of Sif Muna.
 15784 | D:10     | Killed a two-headed ogre
 15785 | D:10     | Reached skill level 5 in Air Magic
 15863 | D:10     | Noticed a two-headed ogre
 16279 | D:10     | Noticed a four-headed hydra
 16282 | D:10     | Killed a four-headed hydra
 16283 | D:10     | Noticed an ogre mage
 16291 | D:10     | Killed an ogre mage
 16303 | D:10     | Learned a level 3 spell: Vhi's Electric Charge
 16366 | D:10     | Noticed a two-headed ogre
 16374 | D:10     | Killed a two-headed ogre
 16813 | D:9      | Bought a scroll labelled YRAESE JEBY for 34 gold pieces
 17117 | Lair:2   | Reached skill level 5 in Earth Magic
 17349 | Lair:2   | Found a staircase to the Snake Pit.
 17543 | Lair:2   | Reached skill level 7 in Spellcasting
 17976 | Lair:2   | Noticed a death yak
 17978 | Lair:2   | Noticed an eight-headed hydra
 17992 | Lair:2   | Killed a one-headed hydra
 17993 | Lair:2   | Reached XP level 13. HP: 42/90 MP: 12/23
 19179 | Lair:3   | Reached skill level 5 in Transmutations
 19625 | Lair:3   | Reached skill level 5 in Shields
 19674 | Lair:3   | Found a staircase to the Shoals.
 20517 | D:11     | Found a stormy altar of Qazlal.
 21068 | D:9      | Bought the ring "Joitouv" {rPois Will- rCorr Int+5 SInv}
                  | for 625 gold pieces
 22519 | D:11     | Found a staircase to the Orcish Mines.
 22738 | D:11     | Reached skill level 8 in Spellcasting
 22867 | Orc:1    | Entered Level 1 of the Orcish Mines
 22955 | Orc:1    | Reached XP level 14. HP: 79/97 MP: 22/26
 23176 | Orc:1    | Found a large runed translucent door.
 23177 | Orc:1    | Found a large runed translucent door.
 23186 | Orc:1    | Noticed Pimp's ghost (journeyman GrFE)
 23823 | D:7      | Bought a book of the Earth for 432 gold pieces
 23830 | D:7      | Learned a level 6 spell: Statue Form
 23993 | Orc:1    | Gained mutation: You occasionally lose the ability to read
                  | scrolls when taking damage. [mutagenic glow]
 24120 | D:10     | Lost mutation: Your flesh is heat resistant. (rF+) [potion
                  | of mutation]
 24120 | D:10     | Lost mutation: You are partially covered in iridescent
                  | scales. (AC +2) [potion of mutation]
 24120 | D:10     | Lost mutation: Your natural rate of healing is unusually
                  | fast. [potion of mutation]
 24120 | D:10     | Gained mutation: You are dopey. (Int -2) [potion of
                  | mutation]
 24120 | D:10     | Gained mutation: You are weak. (Str -2) [potion of
                  | mutation]
 24120 | D:10     | Gained mutation: You are strong-willed. (Will+) [potion of
                  | mutation]
 24179 | D:8      | Lost mutation: You occasionally lose the ability to read
                  | scrolls when taking damage. [potion of mutation]
 24179 | D:8      | Lost mutation: You are dopey. (Int -2) [potion of mutation]
 24179 | D:8      | Gained mutation: You sometimes lose your temper in combat.
                  | [potion of mutation]
 24179 | D:8      | Gained mutation: You passively dampen the noise of your
                  | surroundings. [potion of mutation]
 24179 | D:8      | Gained mutation: You are partially covered in iridescent
                  | scales. (AC +2) [potion of mutation]
 24262 | Orc:2    | Entered Level 2 of the Orcish Mines
 24332 | Orc:2    | Found Dibuoz's Jewellery Emporium.
 24424 | Orc:2    | Found a staircase to the Elven Halls.
 25002 | Orc:2    | Found Erieromu's Assorted Antiques.
 25002 | Orc:2    | Found Uwocoo's Book Emporium.
 25002 | Orc:2    | Found Wuihysch's Assorted Antiques.
 25010 | Orc:2    | Found Bekiteqo's Armour Shoppe.
 25016 | Orc:2    | Bought a scroll labelled VAPEMN SYLET for 35 gold pieces
 25019 | Orc:2    | Bought a book of Necromancy for 336 gold pieces
 25019 | Orc:2    | Bought a book of Rime for 392 gold pieces
 25023 | Orc:2    | Learned a level 3 spell: Vampiric Draining
 25027 | Orc:2    | Learned a level 3 spell: Frozen Ramparts
 25613 | Lair:2   | Lost mutation: You are partially covered in iridescent
                  | scales. (AC +2) [potion of mutation]
 25613 | Lair:2   | Lost mutation: You are weak. (Str -2) [potion of mutation]
 25613 | Lair:2   | Gained mutation: You have an uncontrollable temper. [potion
                  | of mutation]
 25715 | D:8      | Lost mutation: You are strong-willed. (Will+) [potion of
                  | mutation]
 25715 | D:8      | Lost mutation: You passively dampen the noise of your
                  | surroundings. [potion of mutation]
 25715 | D:8      | Lost mutation: You have an uncontrollable temper. [potion
                  | of mutation]
 25715 | D:8      | Gained mutation: Your system is resistant to poisons.
                  | (rPois) [potion of mutation]
 25715 | D:8      | Gained mutation: You are frail. (-10% HP) [potion of
                  | mutation]
 25715 | D:8      | Gained mutation: Your muscles are strong. (Str +4, Int/Dex
                  | -1) [potion of mutation]
 25716 | D:8      | Lost mutation: Your system is resistant to poisons. (rPois)
                  | [potion of mutation]
 25716 | D:8      | Lost mutation: You are frail. (-10% HP) [potion of
                  | mutation]
 25716 | D:8      | Lost mutation: Your muscles are strong. (Str +4, Int/Dex
                  | -1) [potion of mutation]
 25716 | D:8      | Gained mutation: Your flesh is heat resistant. (rF+)
                  | [potion of mutation]
 25716 | D:8      | Gained mutation: You are somewhat resistant to further
                  | mutation. [potion of mutation]
 25717 | D:8      | Lost mutation: Your flesh is heat resistant. (rF+) [potion
                  | of mutation]
 25717 | D:8      | Lost mutation: You sometimes lose your temper in combat.
                  | [potion of mutation]
 25717 | D:8      | Lost mutation: You are somewhat resistant to further
                  | mutation. [potion of mutation]
 25717 | D:8      | Gained mutation: Your system is resistant to poisons.
                  | (rPois) [potion of mutation]
 25717 | D:8      | Gained mutation: You are agile. (Dex +4, Str/Int -1)
                  | [potion of mutation]
 25717 | D:8      | Gained mutation: One of your tentacles bears a spike.
                  | [potion of mutation]
 26702 | Orc:2    | Found the +0 mask of the Dragon {Will+ Slay+3 SInv}
 26717 | Orc:2    | Learned a level 3 spell: Mephitic Cloud
 26804 | Orc:2    | Bought a Trismegistus Codex for 392 gold pieces
 26808 | Orc:2    | Learned a level 3 spell: Ignite Poison
 27128 | Lair:4   | Reached skill level 1 in Ice Magic
 27313 | Lair:4   | Reached skill level 1 in Necromancy
 27431 | Lair:4   | Reached skill level 1 in Fire Magic
 28201 | Lair:5   | Entered Level 5 of the Lair of Beasts
 28207 | Lair:5   | Identified the +4 longbow of Ewiunk Usoto {flame, rN+}
 28483 | Lair:5   | HP: 3/98 [elephant (16)]
 28492 | Lair:5   | Reached skill level 10 in Fighting
 29005 | Lair:5   | Found a runed translucent door.
 29009 | Lair:5   | Reached skill level 1 in Conjurations
 29679 | Lair:5   | Noticed Kirke
 30029 | Lair:5   | Killed Kirke
 30030 | Lair:5   | Reached XP level 15. HP: 67/103 MP: 27/27
 30292 | Lair:5   | Reached skill level 9 in Spellcasting
 31724 | Lair:5   | Found a runed translucent door.
 31724 | Lair:5   | Found a viscous altar of Jiyva.
 31724 | Lair:5   | Noticed an azure jelly
 31725 | Lair:5   | Found a staircase to the Slime Pits.
 31725 | Lair:5   | Noticed an azure jelly
 31725 | Lair:5   | Noticed an azure jelly
 31726 | Lair:5   | Noticed an azure jelly
 32143 | Orc:2    | Bought the ring "Avinkey" {EV+5 Str+3 Int+3 SInv} for 897
                  | gold pieces
 32218 | Orc:2    | Bought a scroll of identify for 70 gold pieces
 32356 | Orc:2    | Upgraded the game from 0.30-a0-879-ga8ba668304 to
                  | 0.30-a0-881-g1ff12e1e11
 32362 | Orc:2    | Learned a level 5 spell: Freezing Cloud
 33179 | D:12     | Learned a level 2 spell: Blink
 33185 | D:12     | Found Qanwalar's Book Shoppe.
 33672 | Orc:2    | Bought a +4 ring of protection for 540 gold pieces
 33807 | D:13     | Reached skill level 10 in Dodging
 33869 | D:13     | Noticed Azrael
 33878 | D:13     | Killed Azrael
 34657 | D:14     | Reached skill level 10 in Spellcasting
 34722 | D:14     | Reached XP level 16. HP: 111/111 MP: 30/30
 34756 | D:14     | Found a gate to the Vaults.
 35544 | D:15     | Entered Level 15 of the Dungeon
 35544 | D:15     | Noticed Louise
 35591 | D:15     | Found a portal to a secret trove of treasure.
 35636 | D:15     | Killed Louise
 36038 | D:15     | Noticed Roxanne
 36096 | D:15     | Noticed Josephine
 36133 | D:15     | Killed Josephine
 36247 | D:15     | Found a staircase to the Depths.
 36376 | D:15     | Learned a level 3 spell: Vhi's Electric Charge
 36388 | D:15     | Killed Roxanne
 36520 | Depths:1 | Entered Level 1 of the Depths
 37010 | Orc:2    | Bought a +4 ring of slaying for 1170 gold pieces
 37215 | Snake:1  | Entered Level 1 of the Snake Pit
 37237 | Snake:1  | Found a frozen archway.
 37288 | Snake:1  | Reached skill level 5 in Necromancy
 37336 | Snake:1  | Reached skill level 5 in Ice Magic
 37384 | Snake:1  | Bought a book of Flames for 504 gold pieces
 37389 | Snake:1  | Learned a level 4 spell: Sticky Flame
 37458 | IceCv    | Entered an ice cave
 38083 | IceCv    | Reached XP level 17. HP: 117/117 MP: 31/31
 38203 | IceCv    | HP: 7/152 [frost giant/bolt of cold (57)]
 38205 | IceCv    | Reached skill level 11 in Spellcasting
 39344 | Snake:2  | Reached skill level 5 in Fire Magic
 40352 | Snake:3  | Reached skill level 5 in Conjurations
 41206 | Snake:3  | Found an opulent altar of Gozag.
 41659 | Snake:4  | Entered Level 4 of the Snake Pit
 41911 | Snake:4  | Found Voppiguw's Antique Weapon Boutique.
 41962 | Snake:4  | Found Bicez's General Store.
 41982 | Snake:4  | Found Cearrusk's Antique Armour Shop.
 42058 | Snake:4  | Reached XP level 18. HP: 126/126 MP: 33/33
 42080 | Snake:4  | Reached skill level 5 in Translocations
 42172 | Snake:4  | Reached skill level 12 in Spellcasting
 42358 | Snake:4  | Found Rodiceid's Distillery.
 42396 | Snake:4  | Found Efuirph's Weapon Shop.
 42996 | Snake:4  | Got a serpentine rune of Zot
 43326 | Shoals:1 | Entered Level 1 of the Shoals
 43535 | D:12     | Bought a book of Transfigurations for 560 gold pieces
 43541 | D:12     | Learned a level 5 spell: Irradiate
 43717 | Shoals:1 | Reached skill level 10 in Earth Magic
 44277 | Shoals:1 | Found a runed translucent door.
 44278 | Shoals:1 | Noticed iguanaiguana's ghost (journeyman AtIE)
 44350 | Shoals:1 | Identified the +1 robe "Zacaf" {Will+ Dex+2 Archmagi}
 44356 | Shoals:1 | Noticed Frances
 44382 | Shoals:1 | Killed Frances
 44796 | Abyss:2  | Found a corrupted altar of Lugonu.
 44796 | Abyss:2  | Cast into level 2 of the Abyss (faun)
 44881 | Abyss:2  | Found a shadowy altar of Dithmenos.
 45144 | Abyss:2  | Reached XP level 19. HP: 41/91 MP: 25/25
 45305 | Shoals:2 | Escaped the Abyss
 45701 | Shoals:2 | Got the Anthology of Flinty Topology
 45711 | Shoals:2 | Got the Folio of the Switch and Misery
 45846 | Shoals:2 | Noticed Ilsuiw
 45872 | Shoals:2 | Killed Ilsuiw
 46427 | Shoals:2 | Upgraded the game from 0.30-a0-881-g1ff12e1e11 to
                  | 0.30-a0-900-g23479c02f2
 46510 | Shoals:3 | Found a flickering gateway to a bazaar.
 46519 | Shoals:3 | Reached skill level 13 in Spellcasting
 46574 | Bazaar   | Entered a bazaar
 46580 | Bazaar   | Found Nelocvit's Book Emporium.
 46580 | Bazaar   | Found Dekhlo Cumo's Jewellery Shoppe.
 46607 | Bazaar   | Bought the amulet of the Cockatrice {RegenMP rC+ Stlth+}
                  | for 702 gold pieces
 46614 | Bazaar   | Bought a book of Annihilations for 660 gold pieces
 46614 | Bazaar   | Bought a book of Touch for 242 gold pieces
 46879 | Shoals:3 | Noticed Mara
 46881 | Shoals:3 | Noticed Esekla's illusion
 46892 | Shoals:3 | Killed Mara
 47425 | Shoals:3 | Found a burning altar of Makhleb.
 47657 | Shoals:4 | Entered Level 4 of the Shoals
 48180 | Shoals:4 | Reached XP level 20. HP: 139/139 MP: 37/37
 48317 | Shoals:4 | Noticed Polyphemus
 48343 | Shoals:4 | Killed Polyphemus
 48448 | Shoals:4 | Identified the +6 triple crossbow of the Eggplant {drain,
                  | rPois Str+4 Dex-4}
 48448 | Shoals:4 | Identified the +2 eveningstar of Vasurgh {venom, rC+ Will+
                  | Str-5}
 48496 | Shoals:4 | Got Murphifar's Lectures on the Cursed Wayfarer
 48496 | Shoals:4 | Got a barnacled rune of Zot
 49201 | Vaults:1 | Entered Level 1 of the Vaults
 49409 | Vaults:1 | Found Peje Qoch's Weapon Emporium.
 49419 | Vaults:1 | Bought the +9 falchion "Xubey" {drain, Int+6} for 910 gold
                  | pieces
 49812 | Vaults:1 | Learned a level 4 spell: Dispel Undead
 50015 | Vaults:1 | Reached skill level 10 in Transmutations
 50348 | Vaults:1 | Noticed Aizul
 50351 | Vaults:1 | Killed Aizul
 50352 | Vaults:1 | Reached skill level 14 in Spellcasting
 50721 | Vaults:2 | Noticed Zenata
 50735 | Vaults:2 | Killed Zenata
 51365 | Vaults:2 | Reached XP level 21. HP: 145/145 MP: 39/39
 51563 | Vaults:2 | Reached skill level 1 in Poison Magic
 52395 | Vaults:2 | Found a runed translucent gate.
 52395 | Vaults:2 | Found a runed translucent gate.
 52395 | Vaults:2 | Found a runed translucent gate.
 52395 | Vaults:2 | Noticed jasper's ghost (adept DsGl)
 52567 | Vaults:2 | Found a viscous altar of Jiyva.
 52672 | Vaults:3 | Found a staircase to the Crypt.
 52817 | Vaults:3 | Found Mitogg's Antique Armour Boutique.
 53050 | Vaults:3 | Found Xipif's Antique Armour Shoppe.
 53063 | Vaults:3 | Found Xugrocs's Jewellery Boutique.
 53403 | Vaults:3 | Found Locuar's Book Shop.
 53640 | Vaults:3 | Found Kuovet's Weapon Emporium.
 53787 | Vaults:3 | Reached skill level 15 in Spellcasting
 53969 | Vaults:4 | Found Iteqo's Magic Scroll Shop.
 54117 | Vaults:4 | Reached skill level 10 in Necromancy
 54121 | Vaults:4 | Reached skill level 10 in Air Magic
 54478 | Vaults:4 | Reached XP level 22. HP: 153/153 MP: 41/41
 54522 | Vaults:4 | Identified the +5 falchion "Sasoa" {venom, rC+++ Will+++}
 54525 | Vaults:4 | Found a transporter.
 54584 | Vaults:4 | Noticed Jory
 54593 | Vaults:4 | Killed Jory
 54607 | Vaults:4 | Identified the +4 falchion of Uncertain Death {antimagic,
                  | Str+4 Int+3 Stlth-}
 55133 | Vaults:4 | Found a transporter.
 55548 | Elf:1    | Entered Level 1 of the Elven Halls
 56556 | Elf:2    | Reached skill level 16 in Spellcasting
 56954 | Elf:2    | Found a runed translucent gate.
 56954 | Elf:2    | Found a runed translucent gate.
 56955 | Elf:2    | Found a runed translucent gate.
 57570 | Crypt:1  | Entered Level 1 of the Crypt
 57942 | Crypt:1  | Identified the +6 great sword of Peeddac {freeze, *Rage
                  | rElec Will+}
 57974 | Crypt:1  | Reached XP level 23. HP: 161/161 MP: 43/43
 58381 | Crypt:1  | Found a hide-covered altar of Uskayaw.
 59029 | Crypt:2  | Identified the +7 shortbow "Xot Fuar" {flame, Drain rElec
                  | rF++ Will+}
 59777 | Crypt:3  | Entered Level 3 of the Crypt
 59808 | Crypt:3  | Noticed a curse toe
 59820 | Crypt:3  | Paralysed by a Zot trap for 3 turns
 59825 | Crypt:3  | Reached skill level 17 in Spellcasting
 59835 | Crypt:3  | Killed a curse toe
 59955 | Crypt:3  | Found a magical portal.
 59984 | Crypt:3  | Noticed Xtahua
 60004 | Crypt:3  | Killed Xtahua
 60042 | Crypt:3  | Reached skill level 15 in Fighting
 60121 | WizLab   | Entered Doroklohe's Tomb
 60702 | WizLab   | Noticed a royal mummy
 60714 | WizLab   | Killed a royal mummy
 61456 | Crypt:3  | Found a staircase to the Tomb.
 61655 | Crypt:3  | Noticed an ancient lich
 61655 | Crypt:3  | Noticed an ancient lich
 61657 | Crypt:3  | Identified the ring of Levity {rC+ rCorr}
 61736 | Crypt:3  | Noticed an ancient lich
 61736 | Crypt:3  | Noticed an ancient lich
 61741 | Crypt:3  | Got the Almanac of Rot
 62319 | Elf:3    | Entered Level 3 of the Elven Halls
 62340 | Elf:3    | Reached XP level 24. HP: 169/169 MP: 44/44
 62419 | Elf:3    | Found Qemy's Weapon Shop.
 62603 | Elf:3    | Found a runed translucent gate.
 62604 | Elf:3    | Found a runed translucent gate.
 62605 | Elf:3    | Found a runed translucent gate.
 64915 | Elf:3    | Learned a level 6 spell: Conjure Ball Lightning
 64919 | Elf:3    | Identified the amulet of the Riding Gods {Drain Regen+
                  | rCorr SInv}
 64950 | Elf:3    | Identified the +7 quarterstaff of Hagoer {protect, *Slow
                  | rPois rF+}
 64956 | Elf:3    | Identified the +6 great mace "Demonbane" {heavy, rPois rC+}
 65033 | Elf:3    | Identified a scroll of acquirement
 65127 | Elf:3    | Identified the +6 sling of the Valley of Death {speed,
                  | Int+6}
 65269 | Elf:2    | Found an ancient bone altar of Kikubaaqudgha.
 65543 | D:15     | Bought a manual of Necromancy for 1760 gold pieces
 65755 | Elf:3    | Acquired the +2 hat of Supple Strength {Int+5}
 65995 | D:7      | Bought Maxwell's Memoranda for 456 gold pieces
 66004 | D:7      | Learned a level 8 spell: Maxwell's Capacitive Coupling
 66004 | D:7      | Upgraded the game from 0.30-a0-900-g23479c02f2 to
                  | 0.30-a0-913-g9934a0ce24
 66137 | Lair:5   | Reached skill level 18 in Spellcasting
 66147 | Slime:1  | Entered Level 1 of the Pits of Slime
 66407 | Slime:2  | Reached skill level 15 in Dodging
 66431 | Slime:2  | Gained mutation: One of your tentacles bears a nasty spike.
                  | [a shining eye]
 66473 | Slime:1  | Gained mutation: You are weak. (Str -2) [a shining eye]
 66638 | Slime:2  | Paralysed by a great orb of eyes for 3 turns
 66654 | Slime:2  | Paralysed by a floating eye for 3 turns
 67193 | Slime:3  | Paralysed by a floating eye for 3 turns
 67217 | Slime:3  | Gained mutation: You are frail. (-10% HP) [a shining eye]
 67218 | Slime:3  | Lost mutation: You are agile. (Dex +4, Str/Int -1) [a
                  | shining eye]
 67219 | Slime:3  | Gained mutation: You occasionally shout uncontrollably at
                  | your foes. [a shining eye]
 67219 | Slime:3  | Gained mutation: Your body sometimes deteriorates upon
                  | taking damage. [a shining eye]
 67220 | Slime:3  | Gained mutation: You occasionally lose the ability to drink
                  | potions when taking damage. [a shining eye]
 67227 | Slime:3  | Paralysed by a great orb of eyes for 5 turns
 67807 | Slime:4  | Gained mutation: You occasionally lose the ability to read
                  | scrolls when taking damage. [a shining eye]
 67809 | Slime:4  | Gained mutation: You sometimes lose the ability to read
                  | scrolls when taking damage. [a shining eye]
 68394 | Snake:3  | Lost mutation: You are weak. (Str -2) [potion of mutation]
 68394 | Snake:3  | Lost mutation: You sometimes lose the ability to read
                  | scrolls when taking damage. [potion of mutation]
 68394 | Snake:3  | Gained mutation: One of your tentacles bears a large
                  | vicious spike. [potion of mutation]
 68394 | Snake:3  | Lost mutation: You occasionally lose the ability to drink
                  | potions when taking damage. [potion of mutation]
 68686 | D:15     | Lost mutation: Your body sometimes deteriorates upon taking
                  | damage. [potion of mutation]
 68686 | D:15     | Lost mutation: You are frail. (-10% HP) [potion of
                  | mutation]
 68686 | D:15     | Gained mutation: You have supernaturally acute eyesight.
                  | (SInv) [potion of mutation]
 68686 | D:15     | Lost mutation: Your system is resistant to poisons. (rPois)
                  | [potion of mutation]
 68707 | D:15     | Lost mutation: One of your tentacles bears a large vicious
                  | spike. [potion of mutation]
 68707 | D:15     | Lost mutation: You have supernaturally acute eyesight.
                  | (SInv) [potion of mutation]
 68707 | D:15     | Lost mutation: You occasionally shout uncontrollably at
                  | your foes. [potion of mutation]
 68707 | D:15     | Gained mutation: You have hidden genetic potential. [potion
                  | of mutation]
 68707 | D:15     | Lost mutation: You have hidden genetic potential. [potion
                  | of mutation]
 69022 | Snake:4  | Bought a potion of mutation for 136 gold pieces
 69022 | Snake:4  | Lost mutation: You occasionally lose the ability to read
                  | scrolls when taking damage. [potion of mutation]
 69022 | Snake:4  | Lost mutation: One of your tentacles bears a nasty spike.
                  | [potion of mutation]
 69022 | Snake:4  | Gained mutation: You are covered in fur. (AC +1) [potion of
                  | mutation]
 69022 | Snake:4  | Gained mutation: You have supernaturally acute eyesight.
                  | (SInv) [potion of mutation]
 69253 | Slime:5  | Entered Level 5 of the Pits of Slime
 69619 | Vaults:3 | Bought a book of Vapours for 260 gold pieces
 69622 | Vaults:3 | Learned a level 2 spell: Poisonous Vapours
 69941 | Slime:5  | Noticed the Royal Jelly
 70571 | Slime:5  | Found a viscous altar of Jiyva.
 70762 | Slime:5  | Killed the Royal Jelly
 70763 | Slime:5  | Reached XP level 25. HP: 175/175 MP: 42/45
 70903 | Slime:5  | Identified the amulet "Zanasha" {Reflect rC+++ rCorr Str-2
                  | Dex-2 SH+5}
 70911 | Slime:5  | Identified the ring "Ratugaf" {rPois SInv}
 70925 | Slime:5  | Got Upyts's Tome of Arenous Putrescence
 70925 | Slime:5  | Got a slimy rune of Zot
 70952 | Slime:5  | Got the Spellbook of the Misty Undead
 70970 | Slime:5  | Identified the staff of fire "Zucudd" {rElec rPois rF+
                  | Str+7 Dex-4}
 70971 | Slime:5  | Identified the +6 morningstar of Causality {drain, rF+
                  | Dex+4}
 71210 | Slime:5  | Learned a level 4 spell: Olgreb's Toxic Radiance
 71216 | Slime:5  | Learned a level 5 spell: Arcjolt
 71566 | Vaults:5 | Entered Level 5 of the Vaults
 71573 | Vaults:5 | Reached skill level 19 in Spellcasting
 71864 | Vaults:5 | Reached skill level 5 in Poison Magic
 72155 | Vaults:5 | Reached skill level 10 in Conjurations
 72330 | Vaults:5 | Identified the ring "Cesu Wor" {Wiz rF+ rN+}
 72351 | Vaults:5 | Got a silver rune of Zot
 72680 | Vaults:5 | Noticed an ancient lich
 72682 | Vaults:5 | Killed an ancient lich
 72776 | Vaults:5 | Identified the ring of Viqyghot {rPois rN+ rCorr Str+2}
 73283 | Vaults:5 | Identified the +9 hand axe "Kosuaff" {freeze, rCorr}
 73671 | Depths:1 | Found Pauwn's Practical Paraphernalia.
 73688 | Depths:1 | Bought a manual of Poison Magic for 1040 gold pieces
 73700 | Depths:1 | Found Luyt's Elemental Accessories.
 74090 | Depths:1 | Found a gateway to Hell.
 74143 | Depths:1 | Reached skill level 20 in Spellcasting
 74198 | Depths:1 | Found Zohisof's Weapon Emporium.
 74234 | Depths:1 | Found a one-way gateway to a ziggurat.
 74306 | Depths:1 | Found a one-way gate leading to the halls of Pandemonium.
 74527 | Depths:1 | Identified the +0 robe of the Original Sin {Harm +Inv
                  | Dex+3}
 74535 | Depths:1 | Found a radiant altar of Vehumet.
 74544 | Depths:1 | Reached XP level 26. HP: 181/181 MP: 45/47
 74817 | Depths:2 | Reached skill level 15 in Necromancy
 75152 | Depths:2 | Identified the amulet of Fisuom {rC- Will+ Regen+ rCorr}
 75180 | Depths:2 | Noticed Vv
 75193 | Depths:2 | Killed Vv
 75330 | Depths:2 | You fall into a shaft and drop 1 floor!
 76118 | Depths:3 | Found a one-way gate to the infinite horrors of the Abyss.
 77039 | Depths:2 | Reached skill level 21 in Spellcasting
 77414 | Depths:4 | Entered Level 4 of the Depths
 77793 | Depths:4 | Found a shimmering altar of Xom.
 77865 | Depths:4 | Reached XP level 27. HP: 160/189 MP: 32/48
 77865 | Depths:4 | Found an ornate altar of the Wu Jian Council.
 78631 | Depths:4 | Found a shadowy altar of Dithmenos.
 78746 | Depths:4 | Found a blossoming altar of Fedhas.
 78814 | Depths:4 | Found a gate to the Realm of Zot.
 79362 | Depths:4 | Reached skill level 15 in Stealth
 79949 | D:6      | Killed Maggie
 80088 | Orc:1    | Killed Pimp's ghost
 80310 | Shoals:1 | Killed iguanaiguana's ghost
 80313 | Shoals:1 | Got the Anthology of the Crystalline Blizzard
 80585 | Vaults:2 | Killed jasper's ghost
 80747 | Vaults:4 | Reached skill level 22 in Spellcasting
 80748 | Vaults:4 | Paralysed by a ghostly ogre mage for 2 turns
 80990 | Crypt:3  | Killed an ancient lich
 80992 | Crypt:3  | Killed an ancient lich
 81095 | Crypt:3  | Killed an ancient lich
 81097 | Crypt:3  | Killed an ancient lich
 81281 | Crypt:2  | Learned a level 8 spell: Necromutation
 81540 | Zot:1    | Entered Level 1 of the Realm of Zot
 82650 | Zot:1    | Identified the ring of Foafus {Wiz rElec}
 82681 | Zot:1    | Noticed an orb of fire
 82724 | Zot:1    | Killed from afar by an orb of fire

Illustrated notes

Levels and vault maps discovered:
D:1:      nagdon_arrival_double_spiral, layout_basic
D:2:      layout_basic, basic_altar, serial_undead, serial_undead_b,
          serial_undead_b, serial_undead_b, serial_undead_a,
          hangedman_decor_push
D:3:      kennysheep_slugbush, layout_loops_corners,
          mainiacjoe_overflow_boulevard, portal_sewer_entry_e,
          basic_ecumenical_altar
D:4:      cheibrodos_old_hovel, layout_loops_corners, nicolae_overflow_squiral,
          mainiacjoe_overflow_swirl
D:5:      layout_basic, minmay_temple_entry_nine_rooms, minmay_pentangle
D:6:      layout_cave_pods, uniq_eustachio, uniq_pikel, uniq_maggie
D:7:      layout_basic
D:8:      nicolae_cairo_tiling_large, layout_basic, uniq_amaemon
D:9:      layout_roguey, pdpol_wu_jian_five_deadly_venoms,
          erik_lair_orcish_takeover, kennysheep_flooded_box,
          hangedman_decor_lopped, uniq_psyche
D:10:     minmay_distorted_concentric_squares, layout_cave_pools, minitemple,
          serial_bayou_lagoon_b
D:11:     layout_long_grid, erik_orc_2, nicolae_qazlal_general_emergency
D:12:     layout_roguey [special_room_orc], nicolae_stop_n_shop_2,
          minmay_misc_feat_ornament
D:13:     layout_basic, uniq_azrael
D:14:     layout_gridville, skrybe_vaults_entry_preservation,
          chequers_serial_rivers_room_b, kennysheep_minor_cross
D:15:     grunt_enter_depths_snipers, layout_basic,
          minmay_misc_feat_four_crosses, enter_trove_6, uniq_josephine,
          uniq_louise, uniq_roxanne
Temple:   nicolae_temple_ecumenical_triangle
Lair:1:   layout_cave_pods, nicolae_volcano_entry_two_sided, lemuel_fruit_tree
Lair:2:   nzn_winding_woodlands_large [nzn_winding_woodlands_hourglass,
          nzn_winding_woodlands_5x15_pathside_ponds,
          nzn_winding_woodlands_5x5_checkerboard,
          nzn_winding_woodlands_center_pierced_h,
          nzn_winding_woodlands_15x15_eel_pit,
          nzn_winding_woodlands_center_lodge,
          nzn_winding_woodlands_5x5_closed_star,
          nzn_winding_woodlands_5x15_pockets,
          nzn_winding_woodlands_5x5_open_star], layout_chaotic_city,
          nicolae_snake_entry_squirm
Lair:3:   layout_cave_pods, elwin_shoals_entry_rooms, grunt_megastairs_5
Lair:4:   layout_misc_corridors
Lair:5:   wormcave, layout_regular_city, hangedman_lair_caniforms_friends,
          slime_entry_2, grunt_forest_small_clearings, uniq_kirke
Shoals:1: layout_shoals, gammafunk_ghost_grave, nzn_prometheus_bound,
          uniq_frances
Shoals:2: layout_shoals, nicolae_shoals_this_corrosion, uniq_ilsuiw
Shoals:3: layout_shoals, serial_shops, bzr_entry_lakeside,
          wheals_shoals_ruined_temple, uniq_mara
Shoals:4: shoals_end_hellmonk_storm_palace [storm_palace_center_square,
          storm_palace_corner_pillars, storm_palace_corner_grid,
          storm_palace_corner_narrow, storm_palace_corner_grid], serial_shops,
          uniq_polyphemus
Snake:1:  layout_layer_cave, portal_ice_cave_entry_pillars_2
Snake:2:  layout_gridlike, nicolae_snake_salamander_zone
Snake:3:  layout_chambers, basic_altar, nicolae_snake_slithery_corners
Snake:4:  snake_pit_salamanders_mu, layout_misc_corridors, serial_shops, shop,
          nicolae_lakefront_shop, shop, shop, nicolae_shop_hallway_plus,
          serial_bayou_shore_a
Slime:1:  layout_caves
Slime:2:  layout_caves, nicolae_slime_getting_an_eyeful
Slime:3:  layout_caves
Slime:4:  layout_caves
Slime:5
Orc:1:    layout_diamond_mine, ebering_ghost_disaster_area
Orc:2:    st_orc_mages, layout_caves, minmay_shop_enchanted_jewellery,
          hangedman_minor_magic
Elf:1:    eino_elf_arrival_shootout, layout_rooms, hangedman_elf_represent
Elf:2:    nicolae_elf_blades_splatter_lattice
          [nicolae_blade_entry_sentries_behind_glass], layout_rooms,
          lemuel_upstairs_altar
Elf:3:    elf_hall_gauntlet_narrow, layout_onion_city, serial_shops,
          shop_statue, serial_co_window_serial, co_window_paths_b,
          co_window_corner_a, co_window_corner_a, co_window_paths_b,
          co_window_of_opportunity_a, co_window_broadway_a, co_window_2corner,
          co_window_paths_c, co_window_broadway_a, co_window_2corner,
          co_window_of_opportunity_c,
          nicolae_gammafunk_elf_defective_weapons_storage
Vaults:1: v_misc_25, ontoclasm_vaults_ring_square, vaults_room_hallway,
          nicolae_vaults_stairing_the_circle, hangedman_vaults_impose,
          vaults_dpeg_hooks, vaults_room_door_hall,
          nicolae_vaults_little_squares_2, v_misc_32, v_misc_16,
          vaults_dpeg_ring, layout_vaults_big_room, serial_shops, shop,
          uniq_aizul
Vaults:2: gammafunk_ghost_ooze, vaults_dpeg_diagonal,
          nicolae_vaults_network_star, nicolae_vaults_alarming,
          ontoclasm_vaults_loading_screen, hangedman_vaults_cutoff,
          vaults_room_boxed, hangedman_vaults_cutoff,
          grunt_vaults_hallway_short, hangedman_vaults_stagger,
          layout_vaults_omnibox, uniq_zenata
Vaults:3: vaults_room_door_hall, vaults_room_hallway, hangedman_vaults_nodes,
          vaults_room_mumra_shop_pool, minmay_crypt_entry_simple_statues,
          vaults_mumra_minichess_inversion, v_pattern_1,
          hangedman_vaults_corner_blocks, hangedman_vaults_maws,
          v_alt_pattern_2, hangedman_vaults_impose, ontoclasm_vaults_ring_large,
          layout_vaults_maze_bifur, serial_shops, nicolae_shop_crystal, shop,
          shop, nicolae_lakefront_shop
Vaults:4: hangedman_vaults_capsules, nicolae_vaults_hallways_thing,
          nicolae_vaults_network_square, v_rooms_1, gammafunk_sealed_arena,
          grunt_vaults_hallway_long, serial_ice_h, serial_ice_m,
          ontoclasm_vaults_idyll, dpeg_vaults_monster_row,
          hangedman_vaults_trim, layout_vaults_omnicross, serial_shops,
          nicolae_diamond_shop, uniq_jory
Vaults:5: serial_shops
Crypt:1:  layout_misc_corridors, nicolae_danse_macabre
Crypt:2:  layout_gridlike
Crypt:3:  david_glass_crypt, layout_misc_corridors,
          infiniplex_enter_wizlab_glasses, minmay_misc_feat_pillars,
          nicolae_fountain_basement, uniq_xtahua
Depths:1: layout_gridville, enter_ziggurat_f, grunt_hell_horde, pan_entry,
          serial_shops, shop_statue, nicolae_alphabet_shops,
          nicolae_elemental_shop, hangedman_abyss_or_decor_passed, st_stairs_4,
          grunt_tower_of_power
Depths:2: minmay_the_grid_square_5x5_4x4 [minmay_the_grid_square_5x5_shuriken,
          minmay_the_grid_square_5x5_intrusive_squares,
          minmay_the_grid_square_5x5_trominoes,
          minmay_the_grid_square_5x5_half_checkered,
          minmay_the_grid_square_5x5_n_small,
          minmay_the_grid_square_5x5_prize_itemx,
          minmay_the_grid_square_5x5_prize_deathbox,
          minmay_the_grid_square_5x5_shrine2,
          minmay_the_grid_square_5x5_tetrominoes,
          minmay_the_grid_square_5x5_prize_pseudospiral,
          minmay_the_grid_square_5x5_prize_monsterx,
          minmay_the_grid_square_5x5_minimal,
          minmay_the_grid_square_5x5_hourglass,
          minmay_the_grid_square_5x5_bridge,
          minmay_the_grid_square_5x5_fancy_junction,
          minmay_the_grid_square_5x5_comb], layout_cave_pools, hell_entry,
          grunt_pan_entry_spiral, serial_bayou_pond_d,
          minmay_staircase_windowed_large, uniq_vv
Depths:3: minmay_three_patterns, layout_long_grid, grunt_hell_entry_dis_grunt,
          abyss_entry, minmay_hedge_maze, infiniplex_staircase_pillars_2
Depths:4: grunt_profane_halls [grunt_profane_temple_geh,
          grunt_profane_temple_tar, grunt_profane_temple_dis,
          grunt_profane_temple_coc, grunt_zot_portal], hell_entry
Zot:1:    kennysheep_oblong_rooms, layout_basic, hangedman_hellfire_club

Skill      XL: |  1  2  3  4  5  6  7  8  9 10 11 12 13 14 15 16 17 18 19 20 21 22 23 24 25 26 27 |
---------------+----------------------------------------------------------------------------------+-----
Stealth        | 7 8 9 10 11 12 13 14 15 | 15.1
Long Blades    | 3 4 5 6 7 9 10 11 12 13 14 | 14.9
Spellcasting   | 1 2 3 4 6 7 8 10 11 12 13 14 15 16 17 18 20 21 22 | 22.5
Dodging        | 3 4 5 6 7 8 9 10 11 12 13 14 15 16 | 16.9
Fighting       | 4 5 7 8 9 10 11 12 13 14 15 16 | 16.0
Throwing       | 1 2 3 4 |  4.5
Shields        | 1 2 3 4 5 6 7 8 9 |  9.4
Transmutations | 2 3 4 5 6 7 8 9 10 | 10.0
Short Blades   | 1 2 3 |  3.4
Air Magic      | 2 3 4 5 6 7 8 9 10 11 12 13 14 | 14.4
Earth Magic    | 1 2 4 5 6 7 8 9 10 11 12 13 14 | 14.3
Translocations | 2 3 4 5 6 7 8 |  8.2
Ice Magic      | 2 4 5 6 7 8 |  8.8
Necromancy     | 3 4 5 6 7 8 10 11 13 14 16 | 16.9
Fire Magic     | 1 4 5 6 7 |  7.8
Conjurations   | 1 3 4 5 6 7 8 11 12 14 | 14.2
Poison Magic   | 1 2 3 6 7 8 |  8.8

Action                     |  1- 3 |  4- 6 |  7- 9 | 10-12 | 13-15 | 16-18 | 19-21 | 22-24 | 25-27 || total
---------------------------+-------+-------+-------+-------+-------+-------+-------+-------+-------++-------
  Melee: Falchion          |    53 |   108 |    76 |    45 |    15 |       |   317 |   823 |   182 ||  1619
         Constrict         |    17 |    41 |    47 |    37 |   172 |    98 |   147 |   175 |    90 ||   824
         Tentacles         |    13 |    30 |    59 |   102 |   296 |   172 |   226 |   343 |   266 ||  1507
         Rapier            |       |    41 |       |       |       |       |       |       |       ||    41
         Punch             |       |     2 |     5 |     4 |    11 |    12 |    15 |    15 |    15 ||    79
         Dagger            |       |    33 |    29 |    63 |    36 |    48 |    54 |    37 |    33 ||   333
         Scimitar          |       |       |   103 |       |     1 |   147 |       |   121 |   476 ||   848
         Long sword        |       |       |     5 |   301 |   960 |   465 |   366 |       |       ||  2097
         Kick              |       |       |       |       |   245 |   260 |   354 |   573 |   412 ||  1844
  Throw: Boomerang         |       |    11 |    23 |    35 |     3 |    46 |    33 |    54 |    35 ||   240
         Dart              |       |       |     7 |     6 |    94 |     3 |     1 |     3 |     2 ||   116
         Throwing net      |       |       |       |     1 |       |       |       |       |       ||     1
         Javelin           |       |       |       |       |       |       |     2 |       |    10 ||    12
   Cast: Wereblood         |       |       |     1 |    10 |    51 |    39 |    40 |    45 |    41 ||   227
         Swiftness         |       |       |     1 |     1 |     1 |       |       |       |       ||     3
         Apportation       |       |       |       |    50 |   171 |   111 |   221 |   241 |   329 ||  1123
         Frozen Ramparts   |       |       |       |       |    70 |    50 |    34 |    16 |    50 ||   220
         Vampiric Draining |       |       |       |       |    21 |    18 |       |     2 |     3 ||    44
         Mephitic Cloud    |       |       |       |       |    20 |    10 |    26 |    48 |    15 ||   119
         Ignite Poison     |       |       |       |       |     8 |     6 |     7 |    22 |    52 ||    95
         Statue Form       |       |       |       |       |    12 |    50 |    54 |    66 |    75 ||   257
         Freezing Cloud    |       |       |       |       |     2 |    15 |    34 |    26 |    35 ||   112
         Vhi's Electric Ch |       |       |       |       |       |     2 |       |       |     2 ||     4
         Sticky Flame      |       |       |       |       |       |     4 |     1 |    62 |    84 ||   151
         Irradiate         |       |       |       |       |       |     3 |    18 |    18 |    18 ||    57
         Dispel Undead     |       |       |       |       |       |       |     3 |    35 |    37 ||    75
         Blink             |       |       |       |       |       |       |     1 |     2 |     2 ||     5
         Poisonous Vapours |       |       |       |       |       |       |       |    10 |    49 ||    59
         Maxwell's Capacit |       |       |       |       |       |       |       |     1 |       ||     1
         Olgreb's Toxic Ra |       |       |       |       |       |       |       |       |    22 ||    22
         Arcjolt           |       |       |       |       |       |       |       |       |     9 ||     9
         Necromutation     |       |       |       |       |       |       |       |       |     1 ||     1
 Invoke: Call Merchant     |       |       |     1 |     2 |     1 |     1 |       |     3 |       ||     8
  Evoke: Wand              |       |       |       |       |     3 |       |       |       |     2 ||     5
    Use: Scroll            |     2 |       |    15 |     8 |    10 |     8 |     1 |     9 |     6 ||    59
         Potion            |       |     1 |     1 |     4 |    13 |       |     2 |    12 |     2 ||    35
   Stab: Sleeping          |    12 |    25 |    19 |    33 |    28 |    28 |    46 |    31 |    22 ||   244
         Distracted        |       |     1 |     3 |     4 |    12 |     9 |    10 |    12 |     7 ||    58
         Confused          |       |       |       |       |    15 |     8 |    13 |    19 |     4 ||    59
         Petrifying        |       |       |       |       |     1 |       |       |       |       ||     1
         Petrified         |       |       |       |       |     1 |       |       |       |       ||     1
 Armour: Skin              |     5 |     9 |     9 |    57 |   186 |   228 |   333 |   470 |   627 ||  1924
  Dodge: Dodged            |    21 |    95 |   105 |   184 |   758 |   832 |  1102 |  1174 |  1417 ||  5688
  Block: Buckler           |       |     1 |    45 |   125 |   382 |   350 |   466 |   533 |   524 ||  2426

Table legend: (Time is in decaauts)
 A = Elapsed time spent in this place.
 B = Non-inter-level travel time spent in this place.
 C = Inter-level travel time spent in this place.
 D = Time resting spent in this place.
 E = Time spent auto-exploring this place.
 F = Levels seen in this place.
 G = Mean time per level.
                   A        B        C        D        E       F      G
               +--------+--------+--------+--------+--------+-----+--------+
         Total |  88726 |  77129 |  11597 |  19657 |  18258 |  58 | 1529.8 |
       Dungeon |  26115 |  21050 |   5065 |   5822 |   4721 |  15 | 1741.0 |
        Temple |     26 |     13 |     13 |      0 |      0 |   1 |   26.0 |
          Lair |  11211 |   9354 |   1857 |   3353 |   1906 |   5 | 2242.2 |
        Shoals |   5781 |   5490 |    291 |    770 |   1072 |   4 | 1445.2 |
     Snake Pit |   5661 |   5004 |    657 |    980 |   1270 |   4 | 1415.2 |
    Slime Pits |   4239 |   3915 |    324 |    670 |   1227 |   5 |  847.8 |
  Orcish Mines |   3898 |   3270 |    628 |   1325 |    600 |   2 | 1949.0 |
   Elven Halls |   4823 |   4049 |    774 |    458 |   1421 |   3 | 1607.7 |
        Vaults |   9523 |   8407 |   1116 |   1851 |   2420 |   5 | 1904.6 |
         Crypt |   4406 |   4085 |    321 |    964 |    789 |   3 | 1468.7 |
        Depths |   7237 |   6692 |    545 |   1190 |   2195 |   4 | 1809.2 |
           Zot |   1323 |   1323 |      0 |    479 |    347 |   1 | 1323.0 |
         Abyss |    603 |    603 |      0 |     77 |      0 |   1 |  603.0 |
        Bazaar |     46 |     46 |      0 |      0 |      0 |   1 |   46.0 |
         Sewer |    706 |    706 |      0 |    241 |     12 |   1 |  706.0 |
      Ice Cave |   1581 |   1581 |      0 |    625 |    213 |   1 | 1581.0 |
       Volcano |    351 |    351 |      0 |    156 |      0 |   1 |  351.0 |
        Wizlab |   1185 |   1185 |      0 |    690 |     61 |   1 | 1185.0 |
               +--------+--------+--------+--------+--------+-----+--------+

Top non-repeatable levels by time:
  Lair:5: 3595 daAuts
    D:11: 3429 daAuts
     D:8: 3311 daAuts
  Lair:2: 2708 daAuts
     D:9: 2541 daAuts
   Orc:2: 2446 daAuts
Depths:4: 2392 daAuts
Vaults:4: 2273 daAuts
   Elf:3: 2252 daAuts
Vaults:3: 2021 daAuts
Depths:3: 1950 daAuts
Vaults:2: 1949 daAuts
  Lair:1: 1854 daAuts
    D:10: 1794 daAuts
 Snake:4: 1783 daAuts
